 Dungeon Crawl Stone Soup version 0.29.0-13-gc9e81de378 (webtiles) character file.

Game seed: 6990414298221177341

78 Ofeo the Firebug (level 4, -1/33 HPs)
             Began as a Meteoran Fire Elementalist on Sept 9, 2022.
             Slain by a scorpion (2 damage)
             ... on level 5 of the Dungeon.
             The game lasted 00:02:06 (290 turns).

Ofeo the Firebug (Meteoran Fire Elementalist)        Turns: 290, Time: 00:02:07

Health: -1/33      AC:  2    Str:  9    XL:     4   Next: 93%
Magic:  2/10       EV: 13    Int: 19    God:
Gold:   24         SH:  0    Dex: 14    Spells: 6/9 levels left

rFire   . . .      SeeInvis .   (no weapon)
rCold   . . .      Faith    .   (no shield)
rNeg    . . .      Spirit   .   a - +0 robe
rPois   .          Reflect  .   (no helmet)
rElec   .          Harm     .   (no cloak)
rCorr   .          Rampage  .   (no gloves)
Will    .....                   (no boots)
Stlth   +.........              (no amulet)
HPRegen 0.11/turn               (no ring)
MPRegen 0.12/turn               (no ring)

@: lethally poisoned (-1 -> -16), glowing
A: sense surroundings 1, otherworldly, glowing, explore regen
a: no special abilities


You were on level 5 of the Dungeon.
You visited 1 branch of the dungeon, and saw 5 of its levels.

You collected 24 gold pieces.

Inventory:

Armour
 a - a +0 robe (worn)
Wands
 e - a wand of charming (6)
Scrolls
 c - a scroll of immolation {unknown}
 f - a scroll of identify {unknown}
Potions
 d - a potion of flight {unknown}


   Skills:
 + Level 3.2 Dodging
 + Level 2.0 Stealth
 + Level 3.4 Spellcasting
 + Level 2.3 Conjurations
 + Level 4.2 Fire Magic


You had 6 spell levels left.
You knew the following spells:

 Your Spells              Type           Power      Damage    Failure   Level
a - Foxfire               Conj/Fire      60%        2x1d7     3%          1
b - Scorch                Fire           38%        2d7       3%          2

Your spell library contained the following spells:

 Spells                   Type           Power      Damage    Failure   Level
 Conjure Flame            Conj/Fire      15%        6-21      12%         3
 Inner Flame              Hex/Fire       11%        N/A       19%         3
 Flame Wave               Conj/Fire      15%        2d7       36%         4


Dungeon Overview and Level Annotations

Branches:
Dungeon (5/15) Zot: 2709
 Temple: D:4-7

Altars:


Innate Abilities, Weirdness & Mutations

You passively map a small area around you.
You are easily found by Zot.
You glow in the dark.
You regain HP and MP as you explore.


Message History

Flames lash the scorpion.
The scorpion is lightly wounded.
The scorpion's fire resistance burns away.
You now have 8/10 mp.
Casting: Scorch (safe; 3% risk of failure)
Confirm with . or Enter, or press ? or * to list all spells.
You conjure some foxfire!
You now have 7/10 mp.
Casting: Foxfire (safe; 3% risk of failure)
Confirm with . or Enter, or press ? or * to list all spells.
Flames lash the scorpion.
The scorpion is burned terribly!
The scorpion is moderately wounded.
The foxfire hits the scorpion.
The scorpion is burned terribly!
The scorpion is moderately wounded.
The foxfire hits the scorpion but does no damage.
The scorpion is moderately wounded.
The scorpion stings you.
You are poisoned.
The scorpion poisons you! The scorpion stings you.
You are more poisoned.
The scorpion poisons you!
You take 8 damage, and have 10/33 hp.
MASSIVE DAMAGE!!
You now have 5/10 mp.
Casting: Scorch (safe; 3% risk of failure)
Confirm with . or Enter, or press ? or * to list all spells.
Flames lash the scorpion.
The scorpion is burned terribly!
The scorpion is heavily wounded.
* * * LOW HITPOINT WARNING * * *
You feel very sick. The scorpion closely misses you.
You take 5 damage, and have 5/33 hp.
You now have 3/10 mp.
Casting: Scorch (safe; 3% risk of failure)
Confirm with . or Enter, or press ? or * to list all spells.
Flames lash the scorpion.
The scorpion is burned terribly!
The scorpion is severely wounded.
* * * LOW HITPOINT WARNING * * *
You feel very sick. The scorpion stings you.
You die...

#.......... * ,
#####..#....... ,
.............# ,
*#...........# * *
...........# * *
#....#o.. , ..,
#.<)#.< * ,....
#.#.#.########.....
#...#....))@s......
#..).........../...
,
#.#########.#######
#.* #.# * * #. #.#
, #. * *** #.# , ,
..# * ... * ##* *


You could see a scorpion (combustible).

Vanquished Creatures
  2 orc wizards
  A gnoll (D:1)
  A dart slug (D:4)
  7 orcs
  A goblin (D:1)
  A bat (D:1)
13 creatures vanquished.

Vanquished Creatures (others)
  28 foxfires
28 creatures vanquished.

Grand Total: 41 creatures vanquished

Notes
Turn   | Place    | Note
-------+----------+-------------------------------------------
     0 | D:1      | Ofeo the Meteoran Fire Elementalist began the quest for the
                  | Orb.
     0 | D:1      | Reached XP level 1. HP: 14/14 MP: 5/5
    57 | D:1      | Reached XP level 2. HP: 20/20 MP: 1/6
   195 | D:4      | Learned a level 2 spell: Scorch
   215 | D:4      | Reached skill level 4 in Fire Magic
   215 | D:4      | Reached XP level 3. HP: 26/26 MP: 2/8
   215 | D:4      | Reached XP level 4. HP: 33/33 MP: 2/9
   243 | D:4      | Noticed a scorpion
   258 | D:5      | Entered Level 5 of the Dungeon
   283 | D:5      | Noticed a scorpion
   290 | D:5      | HP: 1/33 [poisoned by a scorpion]
   290 | D:5      | Slain by a scorpion

Illustrated notes

Levels and vault maps discovered:
D:1:      sevenhm_arrival_forest_fort_large_2, layout_basic,
          shapermc_ecumenical_altar_flowoftime, serial_shops,
          nicolae_shop_temple_entry_statues_fountains
D:2:      layout_basic, basic_altar, uniq_crazy_yiuf_cottage, uniq_jessica,
          uniq_terence
D:3:      minmay_inner_zag, layout_loops_corners, serial_shops,
          nicolae_shop_trees
D:4:      layout_basic, kennysheep_generic_room_9
D:5:      layout_basic, uniq_eustachio

Skill      XL: |  1  2  3  4 |
---------------+-------------+-----
Dodging        | 3 |  3.2
Spellcasting   | 3 |  3.4
Conjurations   | 2 |  2.3
Fire Magic     | 4 |  4.2
Stealth        | 2 |  2.0

Action                   |  1- 3 |  4- 6 || total
-------------------------+-------+-------++-------
Melee: Unarmed           |     3 |     5 ||     8
 Cast: Foxfire           |    10 |     5 ||    15
       Scorch            |     1 |    11 ||    12
  Use: Potion            |       |     1 ||     1
Dodge: Dodged            |     1 |     9 ||    10
